Map: Romanticide LE

Players

SortOf

  • Race: Zerg Zerg

Spirit (souL) - Winner!

  • Race: Terran Terran

Event: DreamHack SC2 Masters 2021 Winter

VOD

Have the link to the VOD?

Description

Time

  • Played on: Sept. 29, 2021, 2:19 p.m.
  • Length: 15:36

All games in this series

Show
View Real Time Build Order
Export as new Build Order

SortOf Zerg 

Build Orders: Hatch First, Lurkers 

Get SALT Encoding   

  12  0:00  Drone  
  13  0:12  Overlord  
  13  0:17  Drone  
  14  0:31  Drone  
  14  0:32  Drone  
  16  0:48  Hatchery  
  15  0:51  Drone  
  15  0:55  Drone  
  17  0:59  Drone  
  18  1:09  Extractor  
  17  1:14  Spawning Pool  
  17  1:17  Drone  
  17  1:20  Drone  
  18  1:30  Drone  
  20  2:00  Queen  
  20  2:01  Zergling x4, Queen  
  24  2:03  Zergling x4  
  24  2:04  Spine Crawler  
  27  2:16  Overlord  
  27  2:20  Drone  
  28  2:36  Queen  
  30  2:37  Drone  
  30  2:38  Drone x2  
  33  2:45  Queen  
  33  2:49  Overlord  
  35  2:54  Drone  
  35  2:57  Extractor  
  35  2:59  Overlord  
  35  3:01  Drone  
  36  3:09  Drone x3  
  39  3:15  Drone  
  40  3:25  Hatchery  
  39  3:28  Drone  
  39  3:33  Queen  
  42  3:36  Drone  
  42  3:38  Drone  
  44  3:41  Drone  
  44  3:46  Queen  
  47  3:51  Drone  
  47  3:52  Overlord  
  47  3:54  Zergling x2  
  49  3:57  Drone  
  49  3:59  Drone  
  51  4:05  Overlord  
  51  4:06  Drone  
  51  4:09  Overlord  
  52  4:11  Metabolic Boost  
  52  4:15  Drone x2  
  54  4:18  Drone x2  
  56  4:25  Drone  
  56  4:29  Queen  
  59  4:31  Drone x2  
  59  4:32  Drone x2  
  59  4:37  Drone  
  64  4:40  Drone x2  
  64  4:45  Drone x3  
  69  4:48  Lair  
  69  4:50  Extractor  
  69  4:51  Drone  
  69  4:52  Extractor  
  68  4:53  Overlord  
  68  4:55  Drone  
  68  4:57  Overlord  
  69  5:00  Drone x3  
  69  5:04  Spore Crawler  
  69  5:05  Drone x2  
  73  5:10  Baneling Nest  
  73  5:12  Spore Crawler  
  73  5:13  Drone  
  72  5:14  Drone  
  72  5:18  Drone x2  
  72  5:19  Overlord  
  72  5:21  Drone x2  
  77  5:24  Zergling x4  
  77  5:27  Zergling x4  
  77  5:28  Zergling x2  
  82  5:36  Evolution Chamber, Drone  
  82  5:37  Drone x4  
  82  5:38  Evolution Chamber  
  82  5:39  Extractor, Drone x2  
  86  5:51  Zergling x10, Hatchery  
  86  5:54  Centrifugal Hooks  
  86  5:55  Overseer  
  90  5:58  Drone  
  91  6:07  Hatchery  
  91  6:08  Zerg Ground Armor Level 1  
  91  6:10  Zergling x8  
  94  6:14  Queen  
  93  6:25  Drone x3  
  90  6:27  Drone x2  
  90  6:28  Drone x3  
  90  6:29  Drone  
  90  6:31  Overlord  
  96  6:33  Spore Crawler, Drone  
  96  6:34  Baneling x4  
  96  6:35  Baneling x2  
  96  6:47  Drone x2  
  96  6:53  Drone x3  
  101  6:55  Queen  
  101  7:00  Drone x3  
  106  7:03  Zerg Melee Weapons Level 1  
  106  7:05  Baneling x9  
  106  7:07  Drone x2, Hatchery  
  107  7:08  Spore Crawler, Drone  
  107  7:09  Overseer  
  107  7:11  Overlord  
  107  7:13  Drone  
  108  7:21  Overlord  
  108  7:25  Overlord  
  108  7:27  Drone x2  
  108  7:28  Spore Crawler  
  108  7:29  Zergling x18  
  117  7:44  Drone x2  
  117  7:46  Overlord x2  
  117  7:47  Drone x4  
  117  7:49  Zergling x8  
  124  7:58  Zergling x18  
  124  7:59  Baneling x8  
  124  8:00  Baneling x9  
  124  8:04  Infestation Pit  
  132  8:05  Overlord  
  132  8:06  Overlord  
  132  8:08  Hydralisk Den  
  132  8:10  Drone x2  
  132  8:11  Extractor  
  132  8:12  Extractor  
  131  8:14  Drone x2  
  131  8:17  Drone x2  
  135  8:22  Zergling x16  
  135  8:23  Baneling x8  
  143  8:31  Zergling x14  
  150  8:35  Drone x7  
  150  8:39  Zergling x4  
  150  8:40  Baneling x2  
  155  8:48  Zergling x4  
  155  8:50  Zergling x16  
  154  8:57  Zergling x16  
  154  8:58  Zergling x8  
  155  9:02  Zergling x2  
  155  9:06  Zergling x12  
  151  9:11  Zergling x4  
  141  9:18  Zergling x22  
  141  9:19  Baneling x8  
  141  9:22  Zergling x8  
  155  9:27  Drone x3  
  151  9:32  Hive  
  151  9:35  Zergling x12  
  148  9:44  Zergling x18  
  145  9:48  Zerg Ground Armor Level 2  
  145  9:49  Zerg Melee Weapons Level 2  
  144  9:53  Drone x6  
  150  10:06  Hatchery  
  146  10:17  Lurker Den  
  146  10:18  Drone x2  
  146  10:19  Hatchery  
  146  10:25  Baneling x2  
  146  10:28  Overseer  
  146  10:29  Baneling x9  
  146  10:30  Zergling x22  
  146  10:31  Baneling  
  146  10:35  Overlord  
  157  10:37  Baneling  
  157  10:38  Baneling  
  157  10:43  Drone x2  
  157  10:45  Overlord  
  157  10:46  Adrenal Glands  
  159  10:52  Overlord  
  159  10:54  Viper  
  162  11:02  Zergling x10  
  167  11:06  Pneumatized Carapace  
  167  11:08  Drone x4  
  171  11:14  Zergling x12  
  177  11:19  Drone  
  177  11:20  Baneling x5  
  177  11:21  Baneling x4  
  178  11:27  Zergling x10  
  181  11:37  Zergling x20  
  181  11:40  Baneling x6  
  181  11:41  Baneling  
  181  11:53  Seismic Spines  
  181  11:56  Zergling x20, Hatchery  
  181  11:59  Baneling x2  
  182  12:16  Hydralisk x7  
  182  12:21  Extractor x2, Overlord  
  182  12:22  Overlord  
  194  12:23  Drone x2  
  194  12:24  Overseer  
  195  12:31  Overlord  
  195  12:32  Overlord  
  193  12:42  Hydralisk  
  193  12:43  Hydralisk x9  
  199  12:45  Spore Crawler  
  199  12:50  Zergling x22  
  193  12:56  Baneling x10  
  193  12:57  Baneling x2  
  181  12:59  Drone  
  181  13:00  Drone x2  
  181  13:04  Zergling x8  
  181  13:05  Zergling x2  
  186  13:12  Drone x6  
  188  13:13  Drone  
  188  13:14  Drone  
  174  13:24  Lurker x2  
  174  13:25  Lurker  
  173  13:29  Zergling x22  
  181  13:35  Lurker x2  
  181  13:37  Drone x8  
  181  13:38  Drone  
  192  13:46  Zergling x12  
  170  13:56  Zergling x22  
  170  13:59  Baneling x2  
  170  14:00  Extractor, Baneling x2, Spore Crawler  
  170  14:02  Viper  
  166  14:04  Adaptive Talons  
  166  14:05  Zergling x12  
  166  14:07  Zergling x6  
  168  14:12  Zergling x12  
  165  14:22  Overseer  
  165  14:29  Overseer  
  165  14:31  Drone  
  165  14:32  Hydralisk x8  
  179  14:38  Baneling x2  
  179  14:39  Baneling x2  
  171  14:47  Hydralisk x3  
  171  14:49  Zergling x20  
  171  14:50  Zergling x4  
  171  14:52  Zergling x2  
  184  14:55  Hydralisk x3  
  184  14:58  Hydralisk  
  180  15:03  Zergling x12  
  180  15:04  Hydralisk  
  180  15:05  Hydralisk  
  185  15:10  Hydralisk  
  185  15:12  Zergling x2  
Show
View Real Time Build Order
Export as new Build Order

Spirit Terran - Winner!

Build Orders: Hellion Banshee 

Get SALT Encoding   

  12  0:00  SCV  
  13  0:12  SCV  
  14  0:18  Supply Depot  
  14  0:24  SCV  
  15  0:39  SCV  
  15  0:40  Barracks  
  16  0:51  SCV  
  16  0:53  Refinery  
  17  1:03  SCV  
  18  1:15  SCV  
  19  1:26  Marine  
  19  1:28  Orbital Command  
  20  1:42  Command Center  
  20  1:45  Reaper  
  21  1:55  SCV  
  22  2:03  Bunker  
  22  2:04  Supply Depot  
  22  2:08  SCV  
  23  2:13  Factory  
  23  2:17  Bunker  
  23  2:23  SCV  
  23  2:35  SCV  
  24  2:43  Command Center  
  24  2:47  SCV  
  25  2:56  Orbital Command  
  25  3:00  Hellion  
  25  3:02  SCV  
  28  3:09  Starport  
  28  3:13  Refinery  
  28  3:14  SCV  
  29  3:21  Hellion  
  29  3:23  SCV  
  32  3:27  Barracks Reactor  
  32  3:30  SCV  
  33  3:35  SCV  
  34  3:42  SCV  
  34  3:43  Hellion  
  34  3:47  SCV, Starport Tech Lab  
  38  3:54  SCV  
  39  3:56  Orbital Command  
  39  3:59  SCV  
  40  4:05  Banshee  
  40  4:06  SCV  
  44  4:11  SCV  
  44  4:13  Barracks Tech Lab  
  44  4:14  Hellion x2  
  49  4:18  SCV  
  49  4:21  SCV  
  49  4:23  SCV  
  49  4:24  Supply Depot  
  52  4:30  SCV  
  52  4:31  Cloaking Field  
  53  4:33  Supply Depot, SCV  
  53  4:35  Stimpack  
  53  4:36  Marine, Hellion x2  
  53  4:38  SCV  
  60  4:42  SCV  
  61  4:45  SCV  
  61  4:50  Banshee, SCV  
  66  4:55  SCV  
  66  4:57  Supply Depot  
  68  5:03  Orbital Command, Barracks  
  68  5:04  Factory Reactor, Barracks  
  68  5:05  SCV  
  69  5:07  Refinery x2  
  69  5:12  Engineering Bay  
  69  5:13  SCV  
  69  5:15  Engineering Bay  
  69  5:16  Marine  
  69  5:17  SCV  
  69  5:18  Supply Depot  
  71  5:25  SCV  
  72  5:31  SCV  
  72  5:32  SCV  
  74  5:36  Barracks  
  74  5:37  SCV, Barracks  
  74  5:39  Supply Depot, Terran Infantry Weapons Level 1  
  74  5:42  Terran Infantry Armor Level 1  
  75  5:43  SCV  
  75  5:44  SCV  
  75  5:49  Supply Depot, SCV  
  78  5:55  SCV  
  78  5:56  SCV  
  80  5:59  Starport Reactor  
  80  6:01  Marine x3  
  80  6:02  Supply Depot, Marine x2  
  85  6:06  SCV  
  85  6:08  Siege Tank  
  85  6:10  SCV  
  90  6:15  Combat Shield  
  90  6:19  Marine x3  
  90  6:20  Marine x2  
  90  6:24  Barracks Reactor  
  96  6:28  SCV  
  96  6:29  Barracks Reactor  
  96  6:30  SCV  
  97  6:37  Marine x3  
  97  6:38  Marine x2  
  102  6:40  SCV, Siege Tank  
  102  6:41  SCV  
  102  6:43  Supply Depot, Bunker  
  102  6:45  Supply Depot  
  102  6:46  Refinery  
  107  6:47  Supply Depot  
  107  6:51  SCV  
  107  6:53  Medivac x2, SCV  
  113  6:55  SCV, Marine x3  
  117  7:04  Armory  
  117  7:05  Marine x4  
  117  7:06  Marine  
  122  7:11  Marine  
  122  7:12  Marine, Siege Tank  
  122  7:13  Command Center  
  122  7:14  Supply Depot  
  127  7:19  Marine  
  128  7:23  Medivac  
  128  7:24  Marine  
  128  7:25  Marine x3  
  128  7:26  Marine  
  135  7:30  Medivac  
  135  7:32  Marine x2  
  135  7:35  Refinery  
  139  7:38  Supply Depot x2  
  139  7:39  SCV x3  
  139  7:42  Marine  
  142  7:44  Siege Tank  
  142  7:45  Marine  
  142  7:49  Marine  
  143  7:51  SCV x3  
  143  7:53  Medivac  
  149  7:59  Marine  
  149  8:01  Terran Infantry Weapons Level 2  
  149  8:05  Barracks  
  149  8:06  Terran Infantry Armor Level 2, Barracks  
  149  8:07  Barracks  
  149  8:08  Factory  
  149  8:09  SCV  
  149  8:12  Marine  
  151  8:17  Medivac  
  153  8:20  Marine x6  
  153  8:21  Marine  
  153  8:22  SCV  
  153  8:25  Medivac  
  153  8:27  Marine  
  163  8:30  Marine  
  163  8:34  SCV  
  166  8:35  SCV  
  166  8:37  Marine  
  166  8:41  Marine x5  
  168  8:42  Marine  
  168  8:47  Medivac, Marine x2  
  172  8:55  Marine  
  166  8:56  Marine x3  
  166  8:59  Marine x5  
  166  9:00  Marine  
  166  9:01  Medivac  
  177  9:04  Marine  
  177  9:05  Marine  
  177  9:13  Marine  
  177  9:14  Planetary Fortress, Marine  
  177  9:15  SCV x2  
  177  9:17  Medivac, Marine x4  
  174  9:19  Marine  
  174  9:21  SCV  
  180  9:29  Barracks Tech Lab x2  
  180  9:32  Starport, SCV  
  180  9:33  Fusion Core  
  180  9:34  SCV  
  180  9:35  Marine  
  173  9:45  SCV  
  161  9:47  Widow Mine, Factory Reactor  
  161  9:48  SCV  
  161  9:49  Marine  
  161  9:50  Command Center  
  161  9:52  SCV  
  166  9:55  Marine  
  166  9:57  SCV  
  165  10:00  Barracks Tech Lab  
  165  10:04  Ghost Academy, Terran Vehicle And Ship Armor Level 1  
  165  10:09  Widow Mine  
  159  10:16  Marauder x3  
  160  10:21  Sensor Tower, Refinery x2  
  160  10:22  Command Center  
  160  10:25  Advanced Ballistics  
  160  10:26  Starport Reactor  
  160  10:30  Siege Tank  
  160  10:31  Terran Infantry Weapons Level 3  
  163  10:37  Marauder  
  163  10:38  Marauder x2  
  169  10:44  Marauder, Command Center  
  169  10:47  Missile Turret  
  169  10:48  Widow Mine  
  173  10:53  Terran Infantry Armor Level 3  
  173  10:55  Liberator  
  176  10:59  Marauder  
  176  11:00  Widow Mine  
  176  11:02  Supply Depot, Liberator  
  183  11:06  Liberator  
  183  11:09  Siege Tank  
  186  11:12  Marauder  
  186  11:18  Drilling Claws  
  188  11:22  Liberator  
  188  11:24  Command Center  
  191  11:27  Widow Mine  
  191  11:28  Widow Mine  
  195  11:37  Marauder  
  195  11:39  Marauder  
  199  11:45  Personal Cloaking  
  199  11:48  Orbital Command  
  199  12:02  Sensor Tower  
  199  12:13  Ghost  
  195  12:18  Liberator  
  195  12:19  Marauder x2  
  200  12:27  Sensor Tower  
  200  12:30  Planetary Fortress  
  200  12:33  Marauder  
  195  12:51  Liberator  
  192  12:52  Widow Mine x2  
  192  12:54  Marauder  
  192  12:56  Orbital Command  
  194  12:59  Widow Mine  
  194  13:01  Marauder  
  194  13:11  Liberator, Nuke  
  197  13:13  Widow Mine  
  197  13:14  Liberator  
  190  13:21  Ghost  
  189  13:27  Liberator  
  192  13:34  Widow Mine  
  192  13:35  Liberator  
  192  13:37  Planetary Fortress  
  192  13:39  Command Center  
  195  13:41  Sensor Tower  
  195  13:42  Neosteel Armor  
  195  13:43  Ghost Academy, Hi-Sec Auto Tracking  
  195  13:44  Starport  
  195  13:46  Ghost  
  176  13:56  Liberator  
  176  14:01  Marine  
  176  14:02  Marauder x3, Marine x7  
  173  14:03  Widow Mine  
  175  14:11  Widow Mine x2, Liberator  
  175  14:15  Marauder  
  180  14:19  Marine x8  
  180  14:23  Marauder x3  
  194  14:32  Siege Tank  
  194  14:33  Unknown  
  194  14:34  Sensor Tower  
  194  14:35  Liberator  
  198  14:39  Ghost  
  198  14:45  Ghost  
  199  14:49  Ghost  

Tags
 
Add a new tag
Caveats
  • Supply blocks, unpowered buildings, or Contaminate may cause inaccurate times.
  • Supply counts are checked every 10 seconds.